AoeStats
← Křovák

Golden Pit

507511638Analyzed
1v1 RM · 14d ago on Sep 18, 2026· 47m 46s· 2 players
Game mode
Random Map
Map size
Tiny (2 player)
Population
200
Speed
Normal
Resources
Standard
Victory
Conquest
Starting age
Dark Age
Ending age
Imperial Age
RankedLock teamsTeams togetherTeam positionsShared explorationLock speedFull tech treeHidden civsTurbo modeCheats
Victory
Defeat
🇨🇿 Franks · Czechia
821
+17
🇷🇺 Armenians · Russia
852
-38
Křovák
9:15 Loom
11:28 Feudal Age
12:18 Double-Bit Axe
22:32 Castle Age
23:43 Bow Saw
28:37 Forging
28:33 Scale Barding Armor
28:29 Scale Mail Armor
31:07 Fletching
31:53 Iron Casting
32:58 Bodkin Arrow
36:14 Imperial Age
33:31 Town Watch
33:49 Gold Mining
37:10 #83
38:30 Ballistics
38:06 Murder Holes
41:43 Blast Furnace
42:19 Conscription
42:25 Chain Mail Armor
stepych
13:37 Feudal Age
11:54 Loom
17:44 Castle Age
15:49 Man-at-Arms
19:02 Squires
18:25 Pikeman
19:35 Scale Mail Armor
22:56 Long Swordsman
24:17 Two-Handed Swordsman
29:03 Double-Bit Axe
29:25 Gold Mining
31:47 Fletching
32:41 Arson
34:00 Gambesons
41:10 Gold Shaft Mining
40:46 Bow Saw
41:04 Chain Mail Armor
41:10 Forging
41:29 Bodkin Arrow
43:43 Wheelbarrow
Connection lost

Rejoining the realm…

Still unreachable

The connection could not be restored.

Session expired

The server has moved on; the page needs a fresh start.